 Dungeon Crawl Stone Soup version 0.29.0-4-gdea44cf6ec (webtiles) character file.

Game seed: 7480029675231277885

29 qw the Sneak (level 3, -2/23 HPs)
             Began as a Gargoyle Delver on Sept 10, 2022.
             Killed from afar by an orc wizard (4 damage)
             ... with a puff of flame
             ... on level 5 of the Dungeon.
             The game lasted 00:00:06 (220 turns).

qw the Sneak (Gargoyle Delver)                       Turns: 220, Time: 00:00:06

Health: -2/23      AC:  6    Str: 17    XL:     3   Next: 16%
Magic:  3/3        EV: 11    Int: 10    God:
Gold:   0          SH:  0    Dex: 11    Spells: 2/2 levels left

rFire   . . .      SeeInvis .   a - +0 hand axe
rCold   . . .      Faith    .   (no shield)
rNeg    + . .      Spirit   .   b - +0 leather armour
rPois   inf        Reflect  .   (no helmet)
rElec   +          Harm     .   (no cloak)
rCorr   .          Rampage  .   (no gloves)
Will    .....                   (no boots)
Stlth   +++.......              (no amulet)
HPRegen 0.07/turn               (no ring)
MPRegen 0.08/turn               (no ring)

@: no status effects
A: sickness immunity, AC +3, negative energy resistance 1, electricity
resistance, torment resistance 1, petrification resistance
a: no special abilities


You were on level 5 of the Dungeon.
You visited 1 branch of the dungeon, and saw 1 of its levels.


Innate Abilities, Weirdness & Mutations

You are immune to sickness and miasma.
Your stone body is resilient. (AC +3)
You are immune to poison.
You resist negative energy. (rN+)
You are resistant to electric shocks. (rElec)
You are resistant to unholy torment.
You are immune to petrification.


   Skills:
 - Level 3.2 Fighting
 + Level 3.2 Axes
 - Level 1.5 Dodging
 - Level 5.4 Stealth


You had 2 spell levels left.
You didn't know any spells.
Your spell library was empty.

Inventory:

Hand Weapons
 a - a +0 hand axe (weapon)
Armour
 b - a +0 leather armour (worn)
 i - a +2 chain mail of fire resistance
Jewellery
 h - a ring of see invisible
Wands
 g - a wand of digging (3)
Scrolls
 c - a scroll of fog
 d - a scroll of magic mapping
 e - a scroll of fear
 j - a scroll of teleportation {unknown}
Potions
 f - a potion of haste

Dungeon Overview and Level Annotations

Branches:
Dungeon (5/15)
 Temple: D:4-7

Altars:


Message History

207 ||| Stepping ~*~*~tactically~*~*~ (stealth).
You barely miss the orc wizard.
The orc wizard shouts!
You hear a shout!
The orc wizard casts a spell at you.
You are confused.
You barely miss the orc wizard.
The orc wizard hits you but does no damage.
The orc wizard attacks as you move away!
The orc wizard hits you but does no damage.
You miss the orc wizard. The orc wizard casts a spell at you.
The magic dart hits you.
You feel less confused.
You hit the orc wizard.
The orc wizard is lightly wounded.
The orc wizard closely misses you.
You closely miss the orc wizard.
The orc wizard is lightly wounded.
The orc wizard hits you but does no damage.
You hit the orc wizard but do no damage. x2
The orc wizard hits you with a +0 flail.
The orc wizard hits you but does no damage.
You hit the orc wizard.
The orc wizard is moderately wounded.
You closely miss the orc wizard.
The orc wizard gestures at you while chanting.
The puff of flame misses you. The orc wizard barely misses you.
You hit the orc wizard but do no damage.
The orc wizard is moderately wounded.
You closely miss the orc wizard.
The orc wizard hits you but does no damage. x2
You hit the orc wizard.
The orc wizard is severely wounded.
You closely miss the orc wizard. The orc wizard casts a spell at you.
You resist with significant effort.
The orc wizard gestures at you while chanting.
The puff of flame hits you.
You die...

######## .......#
#.##.#.# ##### #.##.#.#
##)..##
###.###.#..#.######.....#
o.......%.............(.#
##...o@.######.....#
#.###....o.# ##...##
#........### ##.##
#######.## #.# #.# #.#
##+## #.# ##...## #.#
##.....## ###.##
##.......## ##..#.##


You could see 2 orc wizards.

Vanquished Creatures
  A hound (D:5)
1 creature vanquished.

Notes
Turn   | Place    | Note
-------+----------+-------------------------------------------
     0 | D:5      | qw the Gargoyle Delver began the quest for the Orb.
     0 | D:5      | Reached XP level 1. HP: 14/14 MP: 1/1
     0 | D:5      | 0 ||| qw: Version: 0.1-a-116-g5d60599
     0 | D:5      | 0 ||| qw: Game counter: 8448
     0 | D:5      | 0 ||| qw: Always use a shield: true
     0 | D:5      | 0 ||| qw: God list: Okawaru
     0 | D:5      | 0 ||| qw: Allow faded altars: false
     0 | D:5      | 0 ||| qw: Do Orc after D:15 true
     0 | D:5      | 0 ||| qw: Do second Lair branch before Depths: true
     0 | D:5      | 0 ||| qw: Lair rune preference: random
     0 | D:5      | 0 ||| qw: Plans: Normal
     0 | D:5      | 0 ||| PLANNING D:1-11
    64 | D:5      | Noticed a hound
    83 | D:5      | HP: 1/14 [hound (4)]
    91 | D:5      | Killed a hound
    92 | D:5      | Reached skill level 3 in Axes
    92 | D:5      | Reached XP level 2. HP: 2/19 MP: 2/2
    92 | D:5      | Reached XP level 3. HP: 2/23 MP: 3/3
   198 | D:5      | 198 ||| Stepping ~*~*~tactically~*~*~ (stealth).
   202 | D:5      | 202 ||| Stepping ~*~*~tactically~*~*~ (stealth).
   207 | D:5      | 207 ||| Stepping ~*~*~tactically~*~*~ (stealth).
   213 | D:5      | HP: 5/23 [orc wizard/magic dart (6)]
   217 | D:5      | HP: 1/23 [orc wizard/+0 flail (4)]
   220 | D:5      | Killed from afar by an orc wizard

Levels and vault maps discovered:
D:5:      layout_loops_corners, mainiacjoe_overflow_alcove_1,
          nicolae_ossuary_entry_ruins, minivault_24, uniq_edmund,
          uniq_crazy_yiuf_cottage

Skill      XL: |  1 |
---------------+----+-----
Axes           | 3 |  3.2
Fighting       | |  3.2
Dodging        | |  1.5
Stealth        | |  5.4

Action                   || total
-------------------------++-------
Melee: Hand axe          ||    24
Armor: Leather armour    ||    12
Dodge: Dodged            ||    20

Table legend:
 A = Non-vault XP
 B = Vault XP
 C = Vault XP percentage of total XP
 D = Non-vault monster count
 E = Vault monster count
 F = Vault count percentage of total count
                 A         B        C        D         E       F
            +---------+---------+-------+---------+---------+-------
      Total |      42 |       0 |   0.0 |       1 |       0 |   0.0
            +---------+---------+-------+---------+---------+-------
        D:5 |      42 |       0 |   0.0 |       1 |       0 |   0.0
            +---------+---------+-------+---------+---------+-------
